 Dungeon Crawl Stone Soup version 0.16-a0-791-gf1c67de (webtiles) character file.

204 FiftyNine the Chiller (level 5, -5/31 HPs)
             Began as a High Elf Ice Elementalist on Sept 28, 2014.
             Slain by Prince Ribbit (10 damage)
             ... on Level 4 of the Dungeon.
             The game lasted 00:22:49 (5225 turns).

FiftyNine the Chiller (High Elf Ice Elementalist)   Turns: 5225, Time: 00:22:49

HP  -5/31        AC 11     Str  8      XL: 5   Next: 52%
MP   5/12        EV 11     Int 19      God:
Gold 6           SH  0     Dex 15      Spells:  3 memorised,  2 levels left

rFire  . . .     SeeInvis .     a - +0 short sword
rCold  . . .     Clarity  .     m - +1 leather armour
rNeg   . . .     rCorr    +     (no shield)
rPois  .         rRot     .     (no helmet)
rElec  .         Spirit   .     (no cloak)
SustAb .         Warding  .     (no gloves)
rMut   .         Stasis   .     p - +0 pair of boots
Gourm  .                        s - amulet of resist corrosion
MR     .....                    (no ring)
                                v - ring of wizardry

@: icy armour, not resistant to hostile enchantments, unstealthy
A: no striking features
a: no special abilities


You were on level 4 of the Dungeon.
You were not hungry.

You visited 1 branch of the dungeon, and saw 4 of its levels.

You collected 193 gold pieces.
You spent 187 gold pieces at shops.

Inventory:

Hand weapons
 a - a +0 short sword (weapon)
 e - a +1 vampiric dagger
 r - a +0 hunting sling
 t - a +0 whip
Missiles
 i - 39 stones (quivered)
 q - 20 poisoned needles
Armour
 h - a +0 robe
 m - a +1 leather armour (worn)
 p - a +0 pair of boots (worn)
Comestibles
 c - 4 bread rations
 x - 2 meat rations
Scrolls
 g - 2 scrolls of teleportation
 j - a scroll of blinking
 k - 3 scrolls of remove curse
 u - a scroll of recharging {unknown}
 w - a scroll of magic mapping
 y - a scroll of fear
Jewellery
 s - an amulet of resist corrosion (around neck)
 v - a ring of wizardry (left hand)
Potions
 d - 2 potions of flight
 f - 3 potions of curing
 l - a potion of brilliance
 n - a potion of invisibility
 o - a potion of heal wounds
Books
 b - a book of Frost

   Spells                             Type                      Level
   *Freeze                            Ice                          1
   *Throw Frost                       Conjuration/Ice              2
   *Ozocubu's Armour                  Charms/Ice                   3
   Throw Icicle                       Conjuration/Ice              4
   Summon Ice Beast                   Ice/Summoning                4
   Condensation Shield                Ice                          4


   Skills:
 - Level 2.1 Dodging
 - Level 2.1 Stealth
 - Level 2.4 Spellcasting
 + Level 2.2 Conjurations
 - Level 6.0 Ice Magic


You had 2 spell levels left.
You knew the following spells:

 Your Spells              Type           Power        Failure   Level  Hunger
a - Freeze                Ice            ####         1%          1    #......
b - Throw Frost           Conj/Ice       ###...       2%          2    ##.....
c - Ozocubu's Armour      Chrm/Ice       ##......     6%          3    ###....


Dungeon Overview and Level Annotations

Branches:
Dungeon (4/15)
 Temple: D:4-7

Altars:
Gozag
Kikubaaqudgha
Qazlal
Vehumet
Yredelemnul

Shops:
D:4 ?%[

Annotations:
D:4 Prince Ribbit


Message History

Confirm with . or Enter, or press ? or * to list all spells.
A film of ice covers your body! Prince Ribbit hits you.
* * * LOW HITPOINT WARNING * * *
Casting: Ozocubu's Armour
Confirm with . or Enter, or press ? or * to list all spells.
Aiming: Freeze
Press: ? - help, Shift-Dir - straight line, f/p - Prince Ribbit
Aim: Prince Ribbit (lightly wounded)
You freeze Prince Ribbit.
Prince Ribbit is lightly wounded.
Prince Ribbit hits you but does no damage.
Casting: Freeze
Confirm with . or Enter, or press ? or * to list all spells.
Aiming: Throw Frost
Press: ? - help, Shift-Dir - straight line, f/p - Prince Ribbit
Aim: Prince Ribbit (lightly wounded)
The puff of frost hits Prince Ribbit.
Prince Ribbit is moderately wounded.
Prince Ribbit hits you!
You die...

......)...##.
#........'..
#........### ##
#........# #.
#........# #.
###'###### ######.
###.##
.......#######....#
.........@........)#
.......rF#+##.#.∩..#
.........# #.#....#
........# #.#....#
........# #.#....#
(.......# #.#......
.......# #.#....##
......# #.#....# ##
.....# #.####.# ..


You could see Prince Ribbit and a rat.

Vanquished Creatures
  An orc priest (D:3)
  2 orc wizards (D:4)
  Ijyb (D:4)
  3 adders
  2 worms
  An ooze (D:4)
  4 orcs
  8 giant cockroaches
  2 gnoll zombies (D:4)
  3 hobgoblins
  6 jackals
  8 kobolds
  2 quokkas
  7 bats
  A giant newt (D:2)
  6 goblins
  7 rats
64 creatures vanquished.

Notes
Turn   | Place    | Note
--------------------------------------------------------------
     0 | D:1      | FiftyNine, the High Elf Ice Elementalist, began the quest for the Orb.
     0 | D:1      | Reached XP level 1. HP: 11/11 MP: 4/4
     0 | D:1      | Noticed an ogre
     0 | D:1      | Noticed a troll
     1 | D:1      | Noticed a vine stalker
     3 | D:1      | Noticed a spriggan
     3 | D:1      | Noticed a troll
     6 | D:1      | Noticed a draconian
     7 | D:1      | Noticed a ghoul
    10 | D:1      | Noticed a troll
    12 | D:1      | Noticed a minotaur
    13 | D:1      | Noticed a draconian
    14 | D:1      | Noticed a felid
    16 | D:1      | Noticed a vine stalker
    16 | D:1      | Noticed a draconian
    16 | D:1      | Noticed a spriggan
    18 | D:1      | Noticed a formicid
    18 | D:1      | Noticed a draconian
    19 | D:1      | Noticed an elf
   563 | D:1      | Reached XP level 2. HP: 17/17 MP: 4/6
   567 | D:1      | Learned a level 2 spell: Throw Frost
  1313 | D:1      | Reached skill level 4 in Ice Magic
  1643 | D:2      | Reached XP level 3. HP: 21/21 MP: 0/8
  2057 | D:2      | Learned a level 3 spell: Ozocubu's Armour
  2812 | D:3      | Found an opulent altar of Gozag.
  2920 | D:3      | Reached skill level 5 in Ice Magic
  2920 | D:3      | Reached XP level 4. HP: 27/27 MP: 5/11
  3012 | D:3      | Found a radiant altar of Vehumet.
  3014 | D:3      | Found a stormy altar of Qazlal.
  3380 | D:3      | Found an ancient bone altar of Kikubaaqudgha.
  3561 | D:4      | Found Zety's Antique Armour Shop.
  3642 | D:4      | Reached XP level 5. HP: 19/31 MP: 5/12
  3763 | D:4      | Bought a pair of boots for 117 gold pieces
  3792 | D:4      | Reached skill level 6 in Ice Magic
  4364 | D:4      | Noticed Ijyb
  4476 | D:4      | Found a basalt altar of Yredelemnul.
  5026 | D:4      | Killed Ijyb
  5153 | D:4      | Found Cotir's Food Emporium.
  5206 | D:4      | Found Loch's Magic Scroll Shoppe.
  5212 | D:4      | Bought a scroll of magic mapping for 35 gold pieces
  5212 | D:4      | Bought a scroll of fear for 35 gold pieces
  5219 | D:4      | Noticed Prince Ribbit
  5225 | D:4      | Slain by Prince Ribbit

Action                   |  1- 3 |  4- 6 || total
-------------------------+-------+-------++-------
Melee: Unarmed           |    12 |       ||    12
       Short sword       |    50 |    45 ||    95
 Fire: Hunting sling     |     5 |     1 ||     6
Throw: Stone             |    58 |     1 ||    59
 Cast: Freeze            |    37 |    28 ||    65
       Throw Frost       |    21 |    27 ||    48
       Ozocubu's Armour  |       |     7 ||     7
  Use: Scroll            |     8 |     5 ||    13
 Stab: Sleeping          |     2 |       ||     2
  Eat: Chunk             |     6 |     2 ||     8
       Pizza             |     1 |       ||     1
       Bread ration      |       |     1 ||     1
       Royal jelly       |       |     1 ||     1
       Beef jerky        |       |     1 ||     1
